 Dungeon Crawl Stone Soup version 0.23-a0-643-g9ccc95a (webtiles) character file.

67 Borgoz the Skirmisher (level 4, -5/40 HPs)
             Began as a Ghoul Abyssal Knight on Jan 1, 2019.
             Was a Follower of Lugonu.
             Slain by a gnoll
             ... wielding a +0 halberd
              (8 damage)
             ... on level 2 of the Dungeon.
             The game lasted 00:02:27 (1611 turns).

Borgoz the Skirmisher (Ghoul Abyssal Knight)        Turns: 1611, Time: 00:02:28

Health: -5/40      AC:  3    Str: 12 (15) XL:     4   Next: 18%
Magic:  4/4        EV: 11    Int:  5 (7)  God:    Lugonu [*.....]
Gold:   85         SH:  0    Dex:  8 (9)  Spells: 3/3 levels left

rFire    . . .     SeeInvis .     - Unarmed
rCold    + . .     Gourm    .   (no shield)
rNeg     + + +     Faith    .   a - +0 leather armour
rPois    ∞         Spirit   .   (no helmet)
rElec    .         Reflect  .   (no cloak)
rCorr    .         Harm     .   (no gloves)
MR       .....                  (no boots)
Stlth    +.........             (no amulet)
HPRegen  0.00/turn              (no ring)
MPRegen  0.09/turn              (no ring)

@: rotting
A: rotting body, claws 1, carnivore, cold resistance 1, negative energy
resistance 3, inhibited regeneration, torment resistance, unbreathing
a: Depart the Abyss, Renounce Religion


You were on level 2 of the Dungeon.
You worshipped Lugonu.
Lugonu was aware of your devotion.
You were not hungry.

You visited 1 branch of the dungeon, and saw 2 of its levels.
You visited the Abyss 1 time.

You collected 85 gold pieces.

Inventory:

Armour
 a - a +0 leather armour (worn)
Jewellery
 e - an uncursed ring of resist corrosion {unknown}
Scrolls
 d - a scroll of random uselessness {unknown}
 g - 2 scrolls of remove curse {unknown}
 h - a scroll of identify {unknown}
 k - 4 scrolls of teleportation {unknown}
Potions
 c - 2 potions of brilliance {unknown}
 i - a potion of agility {unknown}
 j - a potion of flight {unknown}
 l - a potion of mutation {unknown}
 n - a potion of berserk rage {unknown}
Comestibles
 b - 3 rations


   Skills:
 + Level 3.8 Fighting
 + Level 2.2 Armour
 + Level 1.5 Dodging
 * Level 3.1 Unarmed Combat
 + Level 2.5 Invocations


You had 3 spell levels left.
You didn't know any spells.
Your spell library was empty.

Dungeon Overview and Level Annotations

Branches:
Dungeon (2/15)

Altars:
Dithmenos
Xom
The Shining One


Innate Abilities, Weirdness & Mutations

Your body is rotting away.
You thrive on raw meat.
You are immune to poison.
You have sharp fingernails.
You are carnivorous and can eat meat at any time.
Your flesh is cold resistant. (rC+)
You are immune to negative energy. (rN+++)
You do not regenerate when monsters are visible.
You are immune to unholy pain and torment.
You can survive without breathing.


Message History

The adder bites you.
You scratch the adder.
The adder is lightly wounded.
The adder bites you.
You miss the adder.
The adder is lightly wounded.
The adder bites you.
You barely miss the adder. The adder bites you.
You barely miss the adder. The adder bites you.
The gnoll hits you from afar with a +0 halberd!
* * * LOW HITPOINT WARNING * * *
The adder misses you.
You miss the adder. The gnoll barely misses you. The adder barely misses you.
It was a potion of degeneration.
There was something very wrong with that liquid.
You feel weakened.
You feel dopey.
You feel clumsy. The adder bites you.
* * * LOW HITPOINT WARNING * * *
The gnoll hits you from afar with a +0 halberd!
You die...

### +.# #.# #@# ##S#
#####gS###### #...........#
#.g.#.......########
#.####.............###
########..###......######...##
.......)g≈.≈............###...
≈≈≈≈≈≈≈≈≈.≈≈≈≈≈...#####...####


You could see a gnoll and 2 adders.

Vanquished Creatures
  2 gnolls (D:2)
  An adder (D:2)
  A dart slug (D:1)
  A giant cockroach (D:2)
  4 goblins
  6 hobgoblins
  2 jackals (D:1)
  4 kobolds
  5 bats
  5 frilled lizards
  6 rats
37 creatures vanquished.

Notes
Turn   | Place    | Note
-------+----------+-------------------------------------------
     0 | Abyss:1  | Borgoz the Ghoul Abyssal Knight began the quest for the
                  | Orb.
     0 | Abyss:1  | Reached XP level 1. HP: 19/19 MP: 1/1
    73 | Abyss:1  | Noticed a large abomination
   102 | Abyss:1  | Noticed a tentacled starspawn
   104 | D:1      | Escaped the Abyss
   156 | D:1      | Reached skill level 1 in Dodging
   287 | D:1      | Reached XP level 2. HP: 20/26 MP: 2/2
   550 | D:1      | Reached * piety under Lugonu
  1109 | D:2      | Reached XP level 3. HP: 27/28 MP: 3/3
  1131 | D:2      | Found a shimmering altar of Xom.
  1318 | D:2      | Found a glowing golden altar of the Shining One.
  1435 | D:2      | Found a shadowy altar of Dithmenos.
  1593 | D:2      | Reached XP level 4. HP: 38/40 MP: 4/4
  1611 | D:2      | Slain by a gnoll

Vault maps used:
D:1:      eino_arrival_druids_welcome
D:2:      lemuel_upstairs_altar, grunt_temple_overflow_gold_and_silver,
          brannock_xom_greatest_gift, marbit_many_paths, grunt_dithmenos_smoke,
          kennysheep_boxes

Skill      XL: |  1  2  3 |
---------------+----------+-----
Dodging        | 1 |  1.5
Armour         | 2 |  2.2
Unarmed Combat | 3 |  3.1
Fighting       | |  3.8
Invocations    | |  2.5

Action                   |  1- 3 |  4- 6 || total
-------------------------+-------+-------++-------
Melee: Unarmed           |   147 |    10 ||   157
Invok: Depart the Abyss  |     1 |       ||     1
  Use: Potion            |       |     1 ||     1
  Eat: Chunk             |     8 |       ||     8
Armor: Leather armour    |    57 |       ||    57
Dodge: Dodged            |   107 |     9 ||   116

Table legend:
 A = Non-vault XP
 B = Vault XP
 C = Vault XP percentage of total XP
 D = Non-vault monster count
 E = Vault monster count
 F = Vault count percentage of total count
                 A         B        C        D         E       F
            +---------+---------+-------+---------+---------+-------
      Total |      96 |       1 |   1.0 |      36 |       1 |   2.7
            +---------+---------+-------+---------+---------+-------
        D:1 |      26 |       0 |   0.0 |      15 |       0 |   0.0
        D:2 |      70 |       1 |   1.4 |      21 |       1 |   4.5
            +---------+---------+-------+---------+---------+-------
